[Event "41st Amateur D7"]
[Site "ChessGUI4"]
[Date "2013.07.06"]
[Round "12.4"]
[White "ProChess 1.02AD"]
[Black "ChessKiss 1.7 64-bit"]
[Result "1-0"]
[BlackElo "2214"]
[ECO "C67"]
[EventDate "2013.??.??"]
[TimeControl "40/1500:40/1500:40/1500"]
[WhiteElo "2244"]

{ i5 Quad } 1.e4 e5 2.Nf3 Nc6 3.Bb5 Nf6 4.O-O Nxe4 5.d4 Nd6 6.Bxc6 dxc6 7.dxe5 Nf5 8.Qxd8+ Kxd8 9.Rd1+ Ke8
{ [%eval -73,14] [%emt 0:00:43] (Ke8) } 10.Nc3
{ [%eval 29,13] [%emt 0:01:09] (Nc3) } 10...Be6
{ [%eval -70,13] [%emt 0:00:41] (Bb4) } 11.Ng5
{ [%eval 27,13] [%emt 0:01:22] (Ne4) } 11...Rd8
{ [%eval -59,13] [%emt 0:00:40] (Bc5) } 12.Rxd8+
{ [%eval 31, 14] [%emt 0:00:42] (Rxd8) } 12...Kxd8
{ [%eval -64,15] [%emt 0:00:40] (Kxd8) } 13.Nxe6+
{ [%eval 33,14] [%emt 0:01:05] (g4) } 13...fxe6
{ [%eval -57,15] [%emt 0:00:38] (fxe6) } 14.Bf4
{ [%eval 31,13] [%emt 0:00:43] (Bg5) } 14...Be7
{ [%eval -42,15] [%emt 0:00:37] (Bc5) } 15.Rd1+
{ [%eval 32,13] [%emt 0:00:37] (Rd1) } 15...Kc8
{ [%eval -41, 15] [%emt 0:00:35] (Ke8) } 16.Ne4
{ [%eval 33,13] [%emt 0:00:53] (Ne4) } 16...h6
{ [%eval -27,14] [%emt 0:00:32] (c5) } 17.f3
{ [%eval 33,13] [%emt 0:01:02] (Kf1) } 17...Rd8
{ [%eval -31,13] [%emt 0:00:29] (g5) } 18.Rxd8+
{ [%eval 35,14] [%emt 0:00: 31] (Rxd8) } 18...Kxd8
{ [%eval -45,16] [%emt 0:00:33] (Kxd8) } 19.Kf2
{ [%eval 37,14] [%emt 0:00:23] (Kf2) } 19...b6
{ [%eval -45,15] [%emt 0:00:29] (c5) } 20.g4
{ [%eval 51,15] [%emt 0:00:38] (c3) } 20...Bh4+
{ [%eval -58,15] [%emt 0:00:25] (Bh4) } 21.Bg3
{ [%eval 47,15] [%emt 0:00:25] (Bg3) } 21...Nxg3
{ [%eval -72,18] [%emt 0:00:31] (Bxg3) } 22.hxg3
{ [%eval 55,16] [%emt 0:00:27] (hxg3) } 22...Be7
{ [%eval -75,17] [%emt 0: 00:29] (Be7) } 23.Ke3
{ [%eval 58,15] [%emt 0:00:35] (f4) } 23...Ke8
{ [%eval -75,15] [%emt 0:00:29] (c5) } 24.f4
{ [%eval 57,14] [%emt 0:00:24] (c4) } 24...a6
{ [%eval -80, 16] [%emt 0:00:26] (c5) } 25.a4
{ [%eval 57,14] [%emt 0:00:24] (f5) } 25...a5
{ [%eval -86,15] [%emt 0:00:21] (Kd7) } 26.c4
{ [%eval 60,14] [%emt 0:00:28] (f5) } 26...Kf8
{ [%eval -112,15] [%emt 0:00:26] (c5) } 27.c5
{ [%eval 72,16] [%emt 0:00:37] (f5) } 27...Bd8
{ [%eval -102,15] [%emt 0:00:25] (Kf7) } 28.Kd4
{ [%eval 72,15] [%emt 0:00:28] (f5) } 28...Ke8
{ [%eval -113,16] [%emt 0:00:25] (Ke8) } 29.f5
{ [%eval 72,15] [%emt 0:00:49] (f5) } 29...Bg5
{ [%eval -141,17] [%emt 0:00:24] (Ke7) } 30.Nxg5
{ [%eval 75,16] [%emt 0:00:20] (cxb6) } 30...hxg5
{ [%eval -287,19] [%emt 0:00:22] (hxg5) } 31.Kc4
{ [%eval 70,18] [%emt 0:00:35] (Kc4) } 31...Kf7
{ [%eval -304,18] [%emt 0:00:23] (Kf7) } 32.b4
{ [%eval 140,19] [%emt 0:01:26] (b4) } 32...axb4
{ [%eval -368,18] [%emt 0:00:22] (axb4) } 33.Kxb4
{ [%eval 140,18] [%emt 0:00:14] (Kxb4) } 33...Ke7
{ [%eval -751,21] [%emt 0:00:21] (Ke7) } 34.a5
{ [%eval 260,20] [%emt 0:00:20] (a5) } 34...bxa5+
{ [%eval -874,23] [%emt 0:00:21] (bxa5) } 35.Kxa5
{ [%eval 774,21] [%emt 0:00:10] (Kxa5) } 35...Ke8
{ [%eval -1029,24] [%emt 0:00:18] (Kd7) } 36.Ka6
{ [%eval 824,22] [%emt 0:03:18] (Ka6) } 36...Ke7
{ [%eval -1048,20] [%emt 0:00:11] (Ke7) } 37.Kb7
{ [%eval 840,22] [%emt 0:00:09] (Ka7) } 37...Kd7
{ [%eval -1058,21] [%emt 0:00:19] (Kd7) } 38.Kb8
{ [%eval 865,22] [%emt 0:00:39] (Kb8) } 1-0

[Event "41st Amateur D7"]
[Site "ChessGUI4"]
[Date "2013.07.06"]
[Round "12.5"]
[White "MadChess 1.2"]
[Black "Shallow 1.0 64-bit"]
[Result "0-1"]
[BlackElo "2200"]
[ECO "A17"]
[EventDate "2013.??.??"]
[TimeControl "40/1500:40/1500:40/1500"]
[WhiteElo "2200"]

{ i5 Quad } 1.c4 Nf6 2.Nc3 e6 3.Nf3 Bb4 4.g3 O-O 5.Bg2 d5 6.a3 Bxc3 7.dxc3 Nbd7 8.cxd5 exd5 9.O-O Nb6 { [%eval 3,13] [%emt 0:00:42] (Re8) } 10.Bf4
{ [%eval 7,11] [%emt 0:00:55] (Bg5) } 10...Be6
{ [%eval 2,12] [%emt 0:00:42] (Re8) } 11.Qc2
{ [%eval 17,10] [%emt 0:00:54] (Nd4) } 11...Qd7
{ [%eval -1,12] [%emt 0:00:42] (Re8) } 12.Ne5
{ [%eval 21,10] [%emt 0:00:31] (Ne5) } 12...Qe7
{ [%eval -2,13] [%emt 0:00:42] (Qe7) } 13.Rfd1
{ [%eval 27,10] [%emt 0:00: 47] (c4) } 13...Rad8
{ [%eval 12,12] [%emt 0:00:42] (Nh5) } 14.b3
{ [%eval 29,10] [%emt 0:01:11] (Rac1) } 14...Bc8
{ [%eval 18,12] [%emt 0:00:42] (Ng4) } 15.Nd3
{ [%eval 11,10] [%emt 0:00:32] (Nf3) } 15...Bf5
{ [%eval 26,13] [%emt 0:00:42] (Bf5) } 16.f3
{ [%eval 32,10] [%emt 0:00:20] (Be3) } 16...c5
{ [%eval 63,14] [%emt 0:00:42] (c5) } 17.g4
{ [%eval 46,11] [%emt 0:00:26] (g4) } 17...Bg6
{ [%eval 59,14] [%emt 0:00: 42] (Bg6) } 18.Qa2
{ [%eval -16,10] [%emt 0:00:19] (Qb2) } 18...c4
{ [%eval 59,14] [%emt 0:00:42] (c4) } 19.Ne5
{ [%eval -32,12] [%emt 0:00:30] (Ne5) } 19...Nfd7
{ [%eval 57,14] [%emt 0:00:42] (Nfd7) } 20.Nxd7
{ [%eval -16,12] [%emt 0:00:31] (Nxd7) } 20...Rxd7
{ [%eval 52,13] [%emt 0:00:42] (cxb3) } 21.bxc4
{ [%eval -5,11] [%emt 0:00:24] (b4) } 21...Rfd8
{ [%eval 59,13] [%emt 0:00:42] (Nxc4) } 22.Rd4
{ [%eval -25,11] [%emt 0:00:28] (e3) } 22...Nxc4
{ [%eval 59,13] [%emt 0:00:42] (Nxc4) } 23.e4
{ [%eval -13,11] [%emt 0:00:19] (e3) } 23...Nb6
{ [%eval 70,13] [%emt 0:00:42] (Nb6) } 24.Rad1
{ [%eval -17,11] [%emt 0:00:21] (e5) } 24...Qc5
{ [%eval 57,13] [%emt 0:00:42] (dxe4) } 25.Rd3
{ [%eval -16,12] [%emt 0:02:09] (Qb2) } 25...Re8
{ [%eval 67, 12] [%emt 0:00:42] (dxe4) } 26.Qf2
{ [%eval -12,11] [%emt 0:00:40] (Qf2) } 26...Qc8
{ [%eval 97,12] [%emt 0:00:42] (Qc6) } 27.Qe2
{ [%eval 0,11] [%emt 0:00:40] (Rd1) } 27...dxe4
{ [%eval 105,14] [%emt 0:00:42] (Qc5) } 28.fxe4
{ [%eval -40,13] [%emt 0:00: 38] (fxe4) } 28...Rxd4
{ [%eval 119,15] [%emt 0:00:42] (Rxd4) } 29.cxd4
{ [%eval -36, 13] [%emt 0:00:39] (cxd4) } 29...Nd5
{ [%eval 109,14] [%emt 0:00:42] (Nd5) } 30.Bg3
{ [%eval -46,12] [%emt 0:00:23] (Be5) } 30...Nf6
{ [%eval 120,13] [%emt 0:00:42] (Nc3) } 31.Bf4
{ [%eval -51,12] [%emt 0:01:21] (h3) } 31...Qc4
{ [%eval 119,13] [%emt 0:00:42] (Bxe4) } 32.Rd2
{ [%eval -36,13] [%emt 0:00:45] (Rd2) } 32...Qc1+
{ [%eval 118,14] [%emt 0:00:42] (Qc1) } 33.Qf1
{ [%eval -63,14] [%emt 0:00:46] (Qf1) } 33...Qxa3
{ [%eval 118,14] [%emt 0:00:42] (Qxf1) } 34.e5
{ [%eval -54,12] [%emt 0:00:40] (e5) } 34...Ne4
{ [%eval 118,13] [%emt 0:00:42] (Ne4) } 35.Rd1
{ [%eval -43,11] [%emt 0:00:22] (Rd1) } 35...Nc3
{ [%eval 119,13] [%emt 0:00:42] (Nc3) } 36.Rd2
{ [%eval -73, 12] [%emt 0:00:56] (Rd2) } 36...Ne4
{ [%eval 119,13] [%emt 0:00:42] (b5) } 37.Rd1
{ [%eval 0,100] [%emt 0:00:01] (Rd1) } 37...Nc3
{ [%eval 118,13] [%emt 0:00:42] (Nc3) } 38.Rd2
{ [%eval 0,100] [%emt 0:00:01] (Rd2) } 38...Qa4
{ [%eval 118,12] [%emt 0:00:42] (b5) } 39.Bxb7
{ [%eval -62,12] [%emt 0:01:17] (d5) } 39...Nb1
{ [%eval 112,13] [%emt 0:00:42] (Rb8) } 40.Rd1
{ [%eval -25,14] [%emt 0:01:03] (Rd1) } 40...Nc3
{ [%eval 124, 13] [%emt 0:00:42] (Bc2) } 41.Rd2
{ [%eval 0,18] [%emt 0:00:58] (Rd2) } 41...Rb8
{ [%eval 123,12] [%emt 0:00:37] (Rb8) } 42.Qc1
{ [%eval -12,13] [%emt 0:01:11] (Qc1) } 42...Qa5
{ [%eval 144,12] [%emt 0:00:37] (Qc4) } 43.Rb2
{ [%eval 0,12] [%emt 0: 00:25] (Rb2) } 43...Qa3
{ [%eval 147,12] [%emt 0:00:37] (Qa3) } 44.h3
{ [%eval -23,13] [%emt 0:00:43] (h3) } 44...Nd5
{ [%eval 144,11] [%emt 0:00:37] (Bd3) } 45.Bxd5
{ [%eval -41,14] [%emt 0:00:45] (Bxd5) } 45...Rxb2
{ [%eval 154,12] [%emt 0:00:37] (Qxb2) } 46.Qc8+
{ [%eval -36,15] [%emt 0:01:30] (Qc8) } 46...Qf8
{ [%eval 135,1] [%emt 0:00:00] (Qf8) } 47.Qc3 Rb4
{ [%eval 165, 11] [%emt 0:00:38] (Rb1) } 48.Bd2
{ [%eval -52,11] [%emt 0:00:31] (Kf2) } 48...a5
{ [%eval 162,12] [%emt 0:00:38] (a5) } 49.Kh2
{ [%eval -42,13] [%emt 0:00:46] (Be1) } 49...Qd8
{ [%eval 168,12] [%emt 0:00:38] (Qd8) } 50.Bg5
{ [%eval -89,12] [%emt 0:00:28] (Bg5) } 50...Qd7
{ [%eval 170,13] [%emt 0:00:38] (Qd7) } 51.Be3
{ [%eval -91, 14] [%emt 0:00:56] (Be3) } 51...h5
{ [%eval 165,13] [%emt 0:00:38] (h5) } 52.Bf3
{ [%eval -75,13] [%emt 0:00:20] (gxh5) } 52...hxg4
{ [%eval 167,13] [%emt 0:00:38] (hxg4) } 53.hxg4
{ [%eval -83,12] [%emt 0:00:24] (hxg4) } 53...Qe8
{ [%eval 167,12] [%emt 0:01:21] (Qd8) } 54.Kg2
{ [%eval -89,10] [%emt 0:00:16] (Kg3) } 54...Qb8
{ [%eval 165,12] [%emt 0:00:37] (Qd8) } 55.d5
{ [%eval -88,12] [%emt 0:00:37] (Bd2) } 55...Be4
{ [%eval 177,12] [%emt 0:00:37] (Be4) } 56.Bxe4
{ [%eval -143,12] [%emt 0:00:15] (Kf2) } 56...Rxe4
{ [%eval 250,12] [%emt 0:00:37] (Rxe4) } 57.Kf3
{ [%eval -206,12] [%emt 0:00:20] (Kf3) } 57...Qxe5
{ [%eval 270,14] [%emt 0:00:37] (Qxe5) } 58.Qxe5
{ [%eval -265,14] [%emt 0:00:24] (Qxe5) } 58...Rxe5
{ [%eval 280,16] [%emt 0:00:37] (Rxe5) } 59.d6
{ [%eval -332,14] [%emt 0:00:25] (d6) } 59...Rd5
{ [%eval 387,14] [%emt 0:00:37] (a4) } 60.Ke4
{ [%eval -446,14] [%emt 0:00:45] (Ke4) } 60...Rxd6
{ [%eval 392,14] [%emt 0:00:37] (Rxd6) } 61.Bc5
{ [%eval -518,13] [%emt 0:00:18] (Bc1) } 61...Rc6
{ [%eval 401,13] [%emt 0:00:37] (Rh6) } 62.Ba3
{ [%eval -576,15] [%emt 0:00:40] (Bd4) } 62...Rc4+
{ [%eval 520,13] [%emt 0:00:59] (a4) } 63.Kf5
{ [%eval -589,16] [%emt 0:00:43] (Kd5) } 63...g6+
{ [%eval 526,14] [%emt 0:00: 36] (a4) } 64.Kg5
{ [%eval -681,16] [%emt 0:00:49] (Kg5) } 64...Rb4
{ [%eval 540,14] [%emt 0:00:36] (Rb4) } 65.Bc1
{ [%eval -699,16] [%emt 0:00:30] (Bc1) } 65...a4
{ [%eval 595,14] [%emt 0:00:36] (Kg7) } 0-1

[Event "41st Amateur D7"]
[Site "ChessGUI4"]
[Date "2013.07.06"]
[Round "13.1"]
[White "Carballo 0.8"]
[Black "Tigran 2.3 64-bit"]
[Result "1/2-1/2"]
[BlackElo "2289"]
[ECO "D02"]
[EventDate "2013.??.??"]
[TimeControl "40/1500:40/1500:40/1500"]
[WhiteElo "2273"]

{ i5 Quad } 1.d4 d5 2.Bf4 Nf6 3.e3 c5 4.c3 Nc6 5.Nd2 e6 6.Ngf3 Bd6 7.Bg3 O-O 8.Bd3 b6 9.a4 Bb7
{ [%eval 14,12] [%emt 0:00:34] (Bxg3) } 10.O-O
{ [%eval -7,12] [%emt 0:00:36] (Qb1) } 10...Bxg3
{ [%eval 9, 13] [%emt 0:00:42] (Bxg3) } 11.fxg3
{ [%eval 3,12] [%emt 0:00:35] (hxg3) } 11...Qe7
{ [%eval 31,11] [%emt 0:00:43] (a6) } 12.Qe2
{ [%eval 13,11] [%emt 0:00:34] (Qe2) } 12...e5
{ [%eval 51,13] [%emt 0:00:43] (a5) } 13.Bb5
{ [%eval -6,12] [%emt 0:00:33] (Nh4) } 13...exd4
{ [%eval 69,13] [%emt 0:00:43] (exd4) } 14.exd4
{ [%eval -10,14] [%emt 0:00:32] (exd4) } 14...Qxe2
{ [%eval 63,15] [%emt 0:00:42] (Qxe2) } 15.Bxe2
{ [%eval -10,15] [%emt 0:00:32] (Bxe2) } 15...c4
{ [%eval 53,14] [%emt 0:00:43] (cxd4) } 16.Rae1
{ [%eval 4,15] [%emt 0:00:31] (Rae1) } 16...Rfe8
{ [%eval 44,15] [%emt 0:00: 40] (Rae8) } 17.Bd1
{ [%eval 11,15] [%emt 0:00:30] (Bd1) } 17...Rxe1
{ [%eval 44,15] [%emt 0:00:43] (h6) } 18.Rxe1
{ [%eval 12,15] [%emt 0:00:29] (Rxe1) } 18...Kf8
{ [%eval 35,15] [%emt 0:00:35] (h6) } 19.h3
{ [%eval 19,14] [%emt 0:00:29] (Nf1) } 19...Re8
{ [%eval 39,14] [%emt 0:00:38] (h5) } 20.Rxe8+
{ [%eval 18,16] [%emt 0:00:28] (Rxe8) } 20...Kxe8
{ [%eval 31,15] [%emt 0:00:45] (Kxe8) } 21.g4
{ [%eval 22,16] [%emt 0:00:27] (g4) } 21...Bc8
{ [%eval 23,16] [%emt 0:00:45] (g6) } 22.Nf1
{ [%eval 25,14] [%emt 0:00:26] (Bc2) } 22...Be6
{ [%eval 22,15] [%emt 0:00:45] (Ne7) } 23.Bc2
{ [%eval 34,14] [%emt 0:00:26] (Bc2) } 23...g6
{ [%eval 12,16] [%emt 0:00:45] (g6) } 24.g3
{ [%eval 33,15] [%emt 0:00:25] (Ne3) } 24...h6
{ [%eval 13,16] [%emt 0:00:46] (a5) } 25.g5
{ [%eval 33,15] [%emt 0:00:24] (g5) } 25...hxg5
{ [%eval 4,17] [%emt 0:00:46] (hxg5) } 26.Nxg5
{ [%eval 37,15] [%emt 0:00:24] (Nxg5) } 26...Bc8
{ [%eval 0,16] [%emt 0:00:46] (Bd7) } 27.Kg2
{ [%eval 39,15] [%emt 0:00:23] (Ne3) } 27...a6
{ [%eval 0,15] [%emt 0:00:46] (a5) } 28.Ne3
{ [%eval 40,15] [%emt 0:00:23] (g4) } 28...b5
{ [%eval 0, 15] [%emt 0:00:47] (a5) } 29.g4
{ [%eval 38,14] [%emt 0:00:22] (Nf3) } 29...b4
{ [%eval 2,16] [%emt 0:00:42] (Nd8) } 30.Bd1
{ [%eval 46,13] [%emt 0:00:21] (Nf3) } 30...bxc3
{ [%eval -26,15] [%emt 0:00:48] (a5) } 31.bxc3
{ [%eval 48,16] [%emt 0:00: 21] (bxc3) } 31...Ne7
{ [%eval -47,16] [%emt 0:00:49] (Kf8) } 32.a5
{ [%eval 51,16] [%emt 0:00:20] (h4) } 32...Bb7
{ [%eval -43,16] [%emt 0:00:49] (Kf8) } 33.Bf3
{ [%eval 72,16] [%emt 0:00:20] (Bf3) } 33...Nc6
{ [%eval -42,19] [%emt 0:00:50] (Bc6) } 34.Nxd5
{ [%eval 92,17] [%emt 0:00:19] (Nxd5) } 34...Nxd5
{ [%eval -66,19] [%emt 0:00: 43] (Nxd5) } 35.Bxd5
{ [%eval 104,17] [%emt 0:00:19] (Bxd5) } 35...Nxa5
{ [%eval -70, 19] [%emt 0:00:45] (Nxa5) } 36.Bf3
{ [%eval 102,15] [%emt 0:00:18] (Bf3) } 36...Bxf3+
{ [%eval -70,17] [%emt 0:00:55] (Bc8) } 37.Kxf3
{ [%eval 89,15] [%emt 0:00:18] (Kxf3) } 37...Nb3
{ [%eval -89,18] [%emt 0:00:56] (Nb3) } 38.h4
{ [%eval 105,14] [%emt 0:00:17] (h4) } 38...Nd2+
{ [%eval -50,18] [%emt 0:00:58] (Nd2) } 39.Kf4
{ [%eval 89, 15] [%emt 0:00:17] (Ke3) } 39...f6
{ [%eval -8,19] [%emt 0:01:00] (f6) } 40.Ne6
{ [%eval 71,15] [%emt 0:00:17] (Ne6) } 40...Nb1
{ [%eval -5,19] [%emt 0:01:07] (Nb1) } 41.h5
{ [%eval 161,16] [%emt 0:00:54] (Nc7) } 41...gxh5
{ [%eval 0,17] [%emt 0:00:34] (gxh5) } 42.gxh5
{ [%eval 148,16] [%emt 0:00:52] (gxh5) } 42...Kf7
{ [%eval 12,17] [%emt 0:00:34] (Kf7) } 43.h6
{ [%eval 147,16] [%emt 0:00:51] (Ke3) } 43...Kg6
{ [%eval 29,19] [%emt 0:00:34] (Kg6) } 44.d5
{ [%eval 137,18] [%emt 0:00:50] (d5) } 44...Nxc3
{ [%eval 3,18] [%emt 0:00:34] (Nxc3) } 45.d6
{ [%eval 134,16] [%emt 0:00:48] (d6) } 45...Nd5+
{ [%eval 17,18] [%emt 0:00:34] (Nd5) } 46.Ke4
{ [%eval 139,18] [%emt 0:00:47] (Ke4) } 46...Nb6
{ [%eval 19,17] [%emt 0:00:34] (Nb6) } 47.Nf8+
{ [%eval 140, 17] [%emt 0:00:46] (Kd4) } 47...Kxh6
{ [%eval 92,17] [%emt 0:00:34] (Kxh6) } 48.Kd4
{ [%eval 142,17] [%emt 0:00:45] (d7) } 48...a5
{ [%eval 86,18] [%emt 0:00:33] (a5) } 49.d7
{ [%eval 112,17] [%emt 0:00:44] (Ne6) } 49...Nxd7
{ [%eval 80,19] [%emt 0:00:34] (Nxd7) } 50.Nxd7
{ [%eval 98,19] [%emt 0:00:43] (Nxd7) } 50...f5
{ [%eval 77,18] [%emt 0:00:34] (Kg5) } 51.Ne5
{ [%eval 100,17] [%emt 0:00:42] (Nb6) } 51...Kg5
{ [%eval 92, 16] [%emt 0:00:35] (Kg5) } 52.Nxc4
{ [%eval 96,17] [%emt 0:00:40] (Kxc4) } 1/2-1/2

[Event "41st Amateur D7"]
[Site "ChessGUI4"]
[Date "2013.07.06"]
[Round "13.2"]
[White "Butcher 1.64 64-bit"]
[Black "FireFly 2.6.0 64-bit"]
[Result "1-0"]
[BlackElo "2258"]
[ECO "C10"]
[EventDate "2013.??.??"]
[TimeControl "40/1500:40/1500:40/1500"]
[WhiteElo "2355"]

{ i5 Quad } 1.e4 e6 2.d4 d5 3.Nc3 dxe4 4.Nxe4 Nd7 5.Nf3 Ngf6 6.Bg5 Be7 7.Nxf6+ Bxf6 8.h4 O-O 9.Qd3 c5 { [%eval -8, 12] [%emt 0:00:57] (Rb8) } 10.Qe4
{ [%eval 14,11] [%emt 0:00:54] (dxc5) } 10...Qa5+
{ [%eval -30,11] [%emt 0:00:56] (cxd4) } 11.c3
{ [%eval 15,12] [%emt 0:01:00] (c3) } 11...Bxd4
{ [%eval -44,11] [%emt 0:00:56] (cxd4) } 12.Bd3
{ [%eval 60,11] [%emt 0: 00:59] (Nxd4) } 12...g6
{ [%eval -46,11] [%emt 0:00:45] (g6) } 13.Nxd4
{ [%eval 56,11] [%emt 0:01:05] (Nxd4) } 13...cxd4
{ [%eval -69,12] [%emt 0:00:45] (cxd4) } 14.Qxd4
{ [%eval 66,12] [%emt 0:01:04] (Qxd4) } 14...Nc5
{ [%eval -108,12] [%emt 0:00:45] (Ne5) } 15.Bc2
{ [%eval 97,12] [%emt 0:01:02] (Bc2) } 15...e5
{ [%eval -87,11] [%emt 0:00:45] (e5) } 16.Qe3
{ [%eval 116,12] [%emt 0:00:59] (Qd6) } 16...Ne6
{ [%eval -82,11] [%emt 0:00:44] (Qc7) } 17.Bf6
{ [%eval 109,11] [%emt 0:01:01] (h5) } 17...Nf4
{ [%eval -64, 11] [%emt 0:00:44] (Nf4) } 18.O-O
{ [%eval 110,12] [%emt 0:01:00] (O-O-O) } 18...Re8
{ [%eval -51,11] [%emt 0:00:43] (Qb5) } 19.Bg5
{ [%eval 109,11] [%emt 0:00:52] (Rfe1) } 19...Qb5
{ [%eval -88,11] [%emt 0:00:43] (Qb5) } 20.Rad1
{ [%eval 115,10] [%emt 0:00:57] (Rfe1) } 20...Bg4
{ [%eval -38,10] [%emt 0:00:43] (Nd5) } 21.Rd2
{ [%eval 124,11] [%emt 0:00:48] (Rd2) } 21...Ne2+
{ [%eval -54,10] [%emt 0:00:42] (Nh5) } 22.Kh2
{ [%eval 142,12] [%emt 0:00:48] (Kh2) } 22...Nf4
{ [%eval -107,11] [%emt 0:00: 42] (Nf4) } 23.Re1
{ [%eval 137,11] [%emt 0:00:47] (Re1) } 23...Bd7
{ [%eval -165,11] [%emt 0:00:41] (Nh5) } 24.Bb3
{ [%eval 176,10] [%emt 0:00:46] (Bb3) } 24...Bf5
{ [%eval -164,11] [%emt 0:00:41] (Bf5) } 25.Rd6
{ [%eval 177,10] [%emt 0:00:46] (Rd6) } 25...Rac8
{ [%eval -206,10] [%emt 0:00:41] (b6) } 26.Qxa7
{ [%eval 290,10] [%emt 0:00:45] (Qxa7) } 26...Ra8
{ [%eval -276,11] [%emt 0:00:40] (Ra8) } 27.Qe3
{ [%eval 262,11] [%emt 0:00:44] (Qb6) } 27...Nd3
{ [%eval -218,9] [%emt 0:00:40] (Be6) } 28.Bf6
{ [%eval 293,10] [%emt 0:00:43] (Rb6) } 28...Nf4
{ [%eval -348,11] [%emt 0:00: 39] (Nf4) } 29.f3
{ [%eval 300,9] [%emt 0:00:37] (g3) } 29...Be6
{ [%eval -313,11] [%emt 0:00:39] (Rac8) } 30.Bxe5
{ [%eval 292,11] [%emt 0:00:43] (Qxe5) } 30...Bxb3
{ [%eval -395,12] [%emt 0:00:38] (Nh5) } 31.Qxf4
{ [%eval 426,11] [%emt 0:00:41] (Qxf4) } 31...Bxa2
{ [%eval -314,11] [%emt 0:00:30] (Bxa2) } 32.Qf6
{ [%eval 510,11] [%emt 0:00:40] (Qf6) } 32...Rxe5
{ [%eval -546,12] [%emt 0:00:30] (Rxe5) } 33.Rxe5
{ [%eval 733,12] [%emt 0:00:36] (Rxe5) } 33...Qxb2
{ [%eval -684,12] [%emt 0:00:39] (Qxb2) } 34.h5
{ [%eval 898,11] [%emt 0:00:33] (h5) } 34...Qc1
{ [%eval -1106,13] [%emt 0:00:51] (h6) } 35.Rg5
{ [%eval 1053,11] [%emt 0:00:31] (Rg5) } 35...Qxg5
{ [%eval -1185,13] [%emt 0:00:29] (Qxg5) } 1-0